 Dungeon Crawl Stone Soup version 0.29.0-13-gc9e81de378 (webtiles) character file.

Game seed: 2036909735299594277

3450 Pooter the Skirmisher (level 9, -23/77 (81) HPs)
             Began as a Minotaur Hunter on Sept 8, 2022.
             Killed from afar by an orc sorcerer (31 damage)
             ... with a bolt of fire
             ... on level 7 of the Dungeon.
             The game lasted 00:38:18 (7324 turns).

Pooter the Skirmisher (Minotaur Hunter)             Turns: 7324, Time: 00:38:19

HP:   -23/77 (81)   AC:  9    Str: 22    XL:     9   Next: 78%
MP:   8/8           EV:  8    Int:  5    God:
Gold: 108           SH:  5    Dex: 20    Spells: 8/8 levels left

rFire   . . .      SeeInvis .   a - +7 flail "Tuas" {flame, rElec Str+4 Int-3}
rCold   . . .      Faith    .   (no shield)
rNeg    . . .      Spirit   .   F - +0 chain mail
rPois   .          Reflect  +   (helmet restricted)
rElec   +          Harm     .   (no cloak)
rCorr   +          Rampage  .   (no gloves)
Will    .....                   q - +0 pair of boots
Stlth   ..........              s - amulet of reflection
HPRegen 0.22/turn               C - ring of resist corrosion
MPRegen 0.11/turn               v - +6 ring of dexterity

@: weakened, lightly drained
A: horns 2, retaliatory headbutt
a: no special abilities


You were on level 7 of the Dungeon.
You visited 2 branches of the dungeon, and saw 8 of its levels.
You also visited: Sewer.

You collected 345 gold pieces.
You spent 237 gold pieces at shops.

Inventory:

Hand Weapons
 a - the +7 flail "Tuas" (weapon) {flame, rElec Str+4 Int-3}
   (You found it on level 2 of the Dungeon)

   It burns those it strikes, dealing additional fire damage.
   Str:       It affects your strength (+4).
   Int:       It affects your intelligence (-3).
   rElec:     It insulates you from electricity.
 b - the +2 arbalest "Vaeza" {vorpal, +Blink rElec rC- Int+5}
   (You bought it in a shop on level 2 of the Dungeon)

   Any ammunition fired from it inflicts extra damage upon your enemies.
   Int:       It affects your intelligence (+5).
   rC:        It makes you vulnerable to cold.
   rElec:     It insulates you from electricity.
   +Blink:    It lets you blink.
 x - a +0 war axe
   (You took it off an orc on level 4 of the Dungeon)
 A - a +0 shortbow of freezing
 I - a +0 broad axe
   (You found it on level 6 of the Dungeon)
Missiles
 o - 20 poisoned darts
 y - 8 boomerangs (quivered)
 Q - 50 stones
Armour
 c - a +0 leather armour
 q - a +0 pair of boots (worn)
   (You found it on level 3 of the Dungeon)
 F - a +0 chain mail (worn)
   (You took it off an orc on level 6 of the Dungeon)
Jewellery
 m - an amulet of the acrobat
   (You found it on level 2 of the Dungeon)
 s - an amulet of reflection (around neck)
   (You found it on level 3 of the Dungeon)
 v - a +6 ring of dexterity (right hand)
   (You found it on level 4 of the Dungeon)
 C - a ring of resist corrosion (left hand)
   (You found it on level 2 of the Dungeon)
 G - an amulet of guardian spirit
   (You found it on level 2 of the Dungeon)
 J - the ring of Zaohydop {Fire rCorr}
   (You found it on level 4 of the Dungeon)

   [ring of fire]

   It enhances your fire magic.
   rF:        It protects you from fire.
   rC:        It makes you vulnerable to cold.
   rCorr:     It protects you from acid and corrosion.
 L - a ring of fire
   (You found it on level 7 of the Dungeon)
Wands
 d - a wand of iceblast (5)
   (You found it on level 3 of the Dungeon)
 e - a wand of charming (16)
   (You found it on level 6 of the Dungeon)
 D - a wand of digging (3)
   (You took it off Dowan on level 7 of the Dungeon)
Scrolls
 f - 3 scrolls of immolation {!r}
 k - 2 scrolls of magic mapping
 l - a scroll of brand weapon
 p - 2 scrolls of enchant weapon
 t - 2 scrolls of teleportation {@r4}
 u - 2 scrolls of enchant armour
 H - a scroll of fear
 K - a scroll of poison {!r}
Potions
 g - a potion of mutation {unknown}
 h - a potion of invisibility
 i - a potion of might {unknown}
 j - a potion of attraction {unknown}
 n - a potion of resistance {unknown}
 r - a potion of haste {unknown}
 w - 2 potions of brilliance
 z - a potion of heal wounds {@q2}
 E - a potion of lignification {!q}


   Skills:
 + Level 8.0 Fighting
 * Level 4.3(6.3) Axes
 + Level 7.1(7.7) Maces & Flails
 * Level 10.8 Ranged Weapons
 - Level 2.1 Dodging
 - Level 0.7 Stealth
 + Level 4.0 Evocations


You had 8 spell levels left.
You didn't know any spells.
Your spell library contained the following spells:

 Spells                   Type           Power      Damage    Failure   Level
 Apportation              Tloc           0%         N/A       99%         1
 Necrotise                Necr           0%         1d4       99%         1
 Summon Small Mammal      Summ           0%         N/A       99%         1
 Poisonous Vapours        Pois/Air       0%         N/A       100%        2
 Corpse Rot               Necr/Pois/Air  0%         N/A       100%        4


Dungeon Overview and Level Annotations

Branches:
Dungeon (7/15)             Temple (1/1) D:7           Sewer (visited)

Altars:
Ashenzari
Cheibriados
Dithmenos
Elyvilon
Fedhas
Gozag
Hepliaklqana
Kikubaaqudgha
Makhleb
Nemelex Xobeh
Ru
Sif Muna
Vehumet
Yredelemnul
Zin
The Shining One

Shops:
D:2 (


Innate Abilities, Weirdness & Mutations

You have a pair of horns on your head.
You reflexively headbutt those who attack you in melee.


Message History

Found a hazy altar of Hepliaklqana.
Found a basalt altar of Yredelemnul.
Found a sparkling altar of Nemelex Xobeh.
Found an opulent altar of Gozag.
Found a broken altar of Ashenzari.
Found a radiant altar of Vehumet.
Found a sacrificial altar of Ru.
Found a white marble altar of Elyvilon.
Found a burning altar of Makhleb.
Done exploring.
There is a staircase back to the Dungeon here.
You climb upwards.
Welcome back to the Dungeon!
The orc sorcerer shouts!
The orc sorcerer casts a spell.
There is a staircase to the Ecumenical Temple here.
Blink to where?
As you read the scroll of blinking, it crumbles to dust.
You block the orc sorcerer's attack. The orange demon barely misses you.
The orange demon hits you but does no damage.
You sock the orc sorcerer! You burn the orc sorcerer.
Your headbutt misses the orc sorcerer. The orc sorcerer casts a spell at you.
The bolt of fire hits you!! The orange demon barely misses you.
You furiously retaliate!
You headbutt the orange demon! The orange demon hits you.
You thump the orc sorcerer! You burn the orc sorcerer.
The orc sorcerer closely misses you. The orange demon stings you.
The orange demon closely misses you.
You barely miss the orc sorcerer. Your headbutt misses the orc sorcerer.
The orc sorcerer casts a spell.
The orange demon stings you. You block the orange demon's attack.
You hit the orc sorcerer. You burn the orc sorcerer.
You block the orc sorcerer's attack. The orange demon closely misses you.
You furiously retaliate!
You headbutt the orange demon! The orange demon hits you.
You feel your attacks grow feeble. You block the rust devil's attack.
The orc sorcerer gestures at you while chanting.
The bolt of negative energy hits you!!
You feel drained.
* * * LOW HITPOINT WARNING * * *
Unknown command.
You barely miss the orc sorcerer. Your headbutt misses the orc sorcerer.
The orange demon barely misses you. You furiously retaliate!
You headbutt the orange demon! The orange demon hits you.
* * * LOW HITPOINT WARNING * * *
You feel as though you will be weak longer.
The rust devil hits you.
The orc sorcerer points at you and mumbles some strange words.
The bolt of fire hits you!!
You die...

#.[...#≈..# .......≈... #
3.$.#≈..# ##...##≈..$ #. ...
≈##.##≈≈..# #..#.
≈≈4.~≈≈...## ##....
.o......#.##.######...#.#
###
##...............4..###.#
....
#.......###...o@.###...##..#
##.......#
#..#.#4.......#..#
.........# #
.....##..>..##... .........#
##+###..#........#
...####+##
........##...###...
...'..#.# .....<...#.###...
# ...##.#.# #
#....#.#.#...#. ##.##.#.##.#
#....#.......... ....<.....#
#......#....#..


You could see an orange demon (summoned), a rust devil (summoned) and an orc
sorcerer.

Vanquished Creatures
  The ghost of trckry the Conjurer, a novice KoHW of Ru (D:7)
  Pikel (D:6)
  2 vampire mosquitoes (D:6)
  A water moccasin (D:7)
  Duvessa (D:7)
  A sky beast (D:6)
  2 ogres (D:5)
  2 lemures (D:6)
  2 phantoms (D:6)
  A kobold brigand (Sewer)
  A bullfrog (D:6)
  A gnoll sergeant (D:6)
  5 scorpions
  3 wights (D:3)
  Dowan (D:7)
  4 killer bees
  A howler monkey (D:4)
  6 hounds
  4 orc priests
  A jelly (D:6)
  3 iguanas
  6 orc wizards
  3 gnolls (D:6)
  8 adders
  An ufetubus (D:4)
  An adder zombie (D:4)
  2 worms (D:2)
  3 dart slugs
  18 orcs
  9 bats
  6 endoplasms
  9 giant cockroaches
  8 goblins
  8 hobgoblins
  9 jackals
  4 quokkas
  8 ball pythons
  5 frilled lizards
  19 kobolds
  5 rats
176 creatures vanquished.

Vanquished Creatures (others)
  A gnoll (D:6)
  3 bushes (D:4)
  15 plants
19 creatures vanquished.

Grand Total: 195 creatures vanquished

Notes
Turn   | Place    | Note
-------+----------+-------------------------------------------
     0 | D:1      | Pooter the Minotaur Hunter began the quest for the Orb.
     0 | D:1      | Reached XP level 1. HP: 18/18 MP: 0/0
   155 | D:1      | Reached XP level 2. HP: 21/25 MP: 1/1
   243 | D:1      | Reached skill level 5 in Ranged Weapons
   711 | D:2      | Reached XP level 3. HP: 31/31 MP: 2/2
   826 | D:2      | Identified the +7 flail "Tuas" {flame, rElec Str+4 Int-3}
  1024 | D:2      | Found Doiguis's Antique Weapon Emporium.
  1130 | D:2      | Found a faded altar of an unknown god.
  1940 | D:3      | Reached XP level 4. HP: 38/38 MP: 3/3
  2146 | D:3      | Reached skill level 1 in Maces & Flails
  2157 | D:3      | Reached skill level 6 in Ranged Weapons
  2157 | D:3      | Reached XP level 5. HP: 16/46 MP: 4/4
  2443 | D:4      | Reached XP level 6. HP: 45/53 MP: 5/5
  2804 | D:4      | Reached skill level 7 in Ranged Weapons
  3094 | D:4      | You fall into a shaft and drop 1 floor!
  3094 | D:5      | Entered Level 5 of the Dungeon
  3115 | D:5      | Reached skill level 5 in Fighting
  3119 | D:5      | Reached XP level 7. HP: 50/61 MP: 6/6
  3344 | D:5      | Found a glowing drain.
  3375 | Sewer    | Entered a sewer
  3703 | Sewer    | Reached skill level 8 in Ranged Weapons
  3865 | D:4      | Identified the ring of Zaohydop {Fire rCorr}
  3891 | D:4      | Found a blossoming altar of Fedhas.
  4300 | D:2      | Bought a warped arbalest for 237 gold pieces
  4300 | D:2      | Identified the +2 arbalest "Vaeza" {vorpal, +Blink rElec
                  | rC- Int+5} (You bought it in a shop on level 2 of the
                  | Dungeon)
  4681 | D:5      | Reached skill level 1 in Evocations
  4783 | D:6      | Noticed Pikel
  4802 | D:6      | Killed Pikel
  4803 | D:6      | Reached skill level 5 in Maces & Flails
  4803 | D:6      | Reached skill level 9 in Ranged Weapons
  4803 | D:6      | Reached XP level 8. HP: 39/71 MP: 7/7
  5454 | D:6      | Reached XP level 9. HP: 74/79 MP: 8/8
  5641 | D:6      | Reached skill level 10 in Ranged Weapons
  5921 | D:6      | Reached skill level 1 in Axes
  6535 | D:7      | Noticed an orc sorcerer
  6536 | D:7      | Noticed a smoke demon
  6975 | D:7      | Noticed an orange demon
  7046 | D:7      | Noticed Duvessa
  7050 | D:7      | Killed Duvessa
  7050 | D:7      | Noticed Dowan
  7053 | D:7      | Killed Dowan
  7087 | D:7      | Found a runed translucent door.
  7090 | D:7      | Noticed trckry's ghost (novice KoHW)
  7153 | D:7      | Killed trckry's ghost
  7250 | D:7      | Found a staircase to the Ecumenical Temple.
  7277 | Temple   | Entered the Ecumenical Temple
  7319 | D:7      | Noticed an orange demon
  7323 | D:7      | Noticed a rust devil
  7324 | D:7      | Killed from afar by an orc sorcerer

Illustrated notes

Levels and vault maps discovered:
D:1:      dpeg_arrival_stone_temple_mockup, layout_basic
D:2:      layout_basic, serial_shops, nicolae_shop_crystal,
          dreamdust_ecumenical_altar_angels_and_demons
D:3:      layout_loops_corners
D:4:      layout_basic, fedhas_altar_decomposition
D:5:      layout_rooms, portal_sewer_entry_f
D:6:      layout_gridville, minmay_holes, minmay_liquid_box, uniq_pikel
D:7:      cheibrodos_wizards_tower, layout_basic,
          pdpol_wu_jian_five_deadly_venoms, grunt_qazlal_sundering,
          minmay_temple_entry_slanted, gammafunk_ghost_grave,
          serial_bayou_pond_e, lightli_corner_chamber, uniq_duvessa
Temple:   hellmonk_temple_of_storms

Skill      XL: |  1  2  3  4  5  6  7  8  9 |
---------------+----------------------------+-----
Ranged Weapons | 5 6 7 9 10 | 10.8
Fighting       | 3 4 5 6 7 8 |  8.0
Maces & Flails | 2 3 5 6 7 |  7.1
Evocations     | 2 3 4 |  4.0
Axes           | 4 |  4.3
Dodging        | |  2.1
Stealth        | |  0.7

Action                   |  1- 3 |  4- 6 |  7- 9 || total
-------------------------+-------+-------+-------++-------
Melee: Quarterstaff      |    20 |       |       ||    20
       Headbutt          |     2 |     3 |     5 ||    10
       Flail             |    14 |    21 |   108 ||   143
       Punch             |       |     1 |       ||     1
 Fire: Shortbow          |    91 |    47 |    59 ||   197
       Arbalest          |       |       |    79 ||    79
Throw: Boomerang         |       |     1 |       ||     1
       Stone             |       |       |     1 ||     1
Evoke: Wand              |       |       |     4 ||     4
  Use: Scroll            |     1 |     5 |     7 ||    13
       Potion            |       |       |     9 ||     9
 Stab: Distracted        |     1 |       |       ||     1
       Invisible         |       |       |     1 ||     1
Armor: Leather armour    |    17 |     3 |    13 ||    33
       Skin              |       |       |    19 ||    19
       Chain mail        |       |       |    45 ||    45
Dodge: Dodged            |    28 |    18 |   104 ||   150
Block: Other             |       |       |     4 ||     4
